 Dungeon Crawl Stone Soup version 0.30.0-20-g3615ddf2f0 (webtiles) character file.

Game seed: 1342910831768455177

288 qw the Chopper (level 6, 0/38 HPs)
             Began as a Gargoyle Fighter on May 31, 2023.
             Slain by an adder (3 damage)
             ... on level 4 of the Dungeon.
             The game lasted 00:01:25 (2861 turns).

qw the Chopper (Gargoyle Fighter)                   Turns: 2861, Time: 00:01:25

Health: 0/38       AC: 13    Str: 21    XL:     6   Next: 31%
Magic:  6/6        EV:  7    Int:  9    God:
Gold:   154        SH:  4    Dex:  9    Spells: 5/5 levels left

rFire   . . .        Y - +0 war axe
rCold   . . .        c - +0 buckler
rNeg    + . .        a - +0 chain mail
rPois   inf          (no helmet)
rElec   +            (no cloak)
rCorr   .            (no gloves)
SInv    .            (no boots)
Will    .....        (no amulet) Stlth
                     (no ring)
HPRegen 0.26/turn    (no ring)
MPRegen 0.10/turn

%: no passive effects
@: no status effects
A: sickness immunity, AC +4, negative energy resistance 1, electricity
resistance, torment resistance 1, petrification resistance
a: no special abilities


You were on level 4 of the Dungeon.
You visited 1 branch of the dungeon, and saw 4 of its levels.

You collected 154 gold pieces.


Innate Abilities, Weirdness & Mutations

You are immune to sickness and miasma.
Your stone body is resilient. (AC +4)
You are immune to poison.
You resist negative energy. (rN+)
You are resistant to electric shocks. (rElec)
You are resistant to unholy torment.
You are immune to petrification.


   Skills:
 - Level 4.2 Fighting
 + Level 5.4 Axes
 - Level 3.2 Armour
 - Level 3.2 Shields


You had 5 spell levels left.
You didn't know any spells.
Your spell library was empty.

Inventory:

Hand Weapons
 e - a +0 mace
 Y - a +0 war axe (weapon)
Armour
 a - a +0 chain mail (worn)
 c - a +0 buckler (worn)
Jewellery
 l - a ring of ice
Scrolls
 g - a scroll of enchant armour
Potions
 b - a potion of curing {unknown}
 d - a potion of might
 f - a potion of cancellation {unknown}
 h - a potion of attraction {unknown}
 j - a potion of degeneration {unknown}
 m - a potion of invisibility {unknown}

Dungeon Overview and Level Annotations

Branches:
Dungeon (4/15)
 Temple: D:4-7

Altars:
Cheibriados
Qazlal
Yredelemnul
The Shining One


Message History

You closely miss the gnoll. You closely miss the adder.
The adder barely misses you. The gnoll hits you but does no damage.
The gnoll hits you from afar with a +0 spear.
The gnoll bouda hits you with a +0 club.
The adder bites you but does no damage.
You closely miss the gnoll bouda.
The gnoll bouda is severely wounded.
You slash the gnoll!
You kill the gnoll!
You hit the adder. The gnoll hits you but does no damage.
The gnoll bouda prays to its god.
The gnoll bouda is healed somewhat.
The adder bites you but does no damage.
You slash the gnoll bouda!
You kill the gnoll bouda!
You completely miss the adder.
Your attacks no longer feel as feeble.
The gnoll is no longer moving quickly.
The adder bites you but does no damage. The gnoll hits you but does no damage.
The adder bites you but does no damage.
The gnoll hits you from afar with a +0 spear.
You closely miss the adder.
The adder is lightly wounded.
The adder bites you but does no damage. The gnoll barely misses you.
You block the adder's attack.
You hit the adder.
The adder is moderately wounded.
You block the adder's attack. The gnoll closely misses you.
You miss the adder.
The adder is moderately wounded.
The adder closely misses you. You block the gnoll's attack.
You block the adder's attack.
You miss the adder.
The adder is moderately wounded.
The gnoll hits you from afar with a +0 spear.
The adder bites you but does no damage. x2
The gnoll hits you from afar with a +0 spear!
You closely miss the adder.
The adder is moderately wounded.
The adder bites you.
You die...

#.##......#..........~
...#................~
#.##.....^..........
#..#.......<.......~
#.#......#..#.........
#...#....#<##.......~
##)..####......##.~
..####...#.# #......#
.......)@###.###.....#
.......)S# #.##....##
........g. ##....##
........... .....
.......##... .......
..!..## .... ........
....# ..... ... ......


You could see a gnoll and an adder.

Vanquished Creatures
  A gnoll bouda (D:4)
  A sleepcap (D:3)
  Natasha (twice) (D:2)
  An orc wizard (D:4)
  Terence (D:3)
  A hound zombie (D:3)
  A mummy (D:3)
  3 gnolls (D:4)
  2 adders
  A worm (D:3)
  A dart slug (D:1)
  4 ball pythons
  10 endoplasms
  2 giant cockroaches
  4 goblins
  11 hobgoblins
  2 jackals (D:2)
  A quokka (D:3)
  A ball python zombie (D:3)
  A bat (D:1)
  A frilled lizard (D:1)
  6 kobolds
  A quokka zombie (D:3)
  7 rats
66 creatures vanquished.

Notes
Turn   | Place    | Note
-------+----------+-------------------------------------------
     0 | D:1      | qw the Gargoyle Fighter began the quest for the Orb.
     0 | D:1      | Reached XP level 1. HP: 14/14 MP: 1/1
     0 | D:1      | 0 ||| qw: Version: 0.2-a-102-gfc559e5
     0 | D:1      | 0 ||| qw: Game counter: 572
     0 | D:1      | 0 ||| qw: Always use a shield: true
     0 | D:1      | 0 ||| qw: God list: Okawaru
     0 | D:1      | 0 ||| qw: Allow faded altars: false
     0 | D:1      | 0 ||| qw: Do Orc after D:15 true
     0 | D:1      | 0 ||| qw: Do second Lair branch before Depths: true
     0 | D:1      | 0 ||| qw: Lair rune preference: random
     0 | D:1      | 0 ||| qw: Plans: Normal, Zot:1-4, Slime:5, God:TSO, Crypt,
                  | Tomb, Pan, Hells, Abyss, Win
     0 | D:1      | 0 ||| PLANNING D:1-11
    91 | D:1      | Reached skill level 2 in Axes
   122 | D:1      | Found a faded altar of an unknown god.
   123 | D:1      | 123 ||| Stepping ~*~*~tactically~*~*~ (hiding).
   127 | D:1      | Reached XP level 2. HP: 19/19 MP: 2/2
   234 | D:1      | 234 ||| Stepping ~*~*~tactically~*~*~ (stealth).
   483 | D:1      | 483 ||| Stepping ~*~*~tactically~*~*~ (hiding).
   650 | D:1      | Reached skill level 3 in Axes
   884 | D:1      | Reached XP level 3. HP: 17/23 MP: 3/3
   929 | D:1      | 929 ||| READING scroll labelled JYITHA KUFOFOLOA.
   934 | D:1      | 934 ||| READING 2 scrolls labelled NUSOUTZ REOPUOJ.
  1078 | D:2      | Found a glowing golden altar of the Shining One.
  1157 | D:2      | 1157 ||| Stepping ~*~*~tactically~*~*~ (stealth).
  1158 | D:2      | 1158 ||| Stepping ~*~*~tactically~*~*~ (stealth).
  1504 | D:2      | 1504 ||| Stepping ~*~*~tactically~*~*~ (stealth).
  1505 | D:2      | 1505 ||| Stepping ~*~*~tactically~*~*~ (stealth).
  1571 | D:2      | Noticed Natasha
  1577 | D:2      | Killed Natasha
  1578 | D:2      | Reached skill level 4 in Axes
  1578 | D:2      | Reached XP level 4. HP: 18/28 MP: 4/4
  1831 | D:2      | Noticed Natasha
  1837 | D:2      | Killed Natasha
  1874 | D:2      | 1874 ||| UPGRADING to +0 chain mail.
  1884 | D:2      | 1884 ||| DROPPING +0 scale mail.
  1885 | D:2      | 1885 ||| READING scroll labelled COGIRA PITIJIRGH.
  1886 | D:2      | 1886 ||| READING scroll labelled VAUFUONEMU.
  1887 | D:2      | 1887 ||| READING scroll labelled VIFFUR ZORCHU.
  1921 | D:3      | 1921 ||| Stepping ~*~*~tactically~*~*~ (hiding).
  2038 | D:3      | Found a basalt altar of Yredelemnul.
  2049 | D:3      | Reached XP level 5. HP: 30/32 MP: 5/5
  2099 | D:3      | 2099 ||| Stepping ~*~*~tactically~*~*~ (stealth).
  2101 | D:3      | 2101 ||| Stepping ~*~*~tactically~*~*~ (stealth).
  2162 | D:3      | 2162 ||| Stepping ~*~*~tactically~*~*~ (stealth).
  2163 | D:3      | 2163 ||| Stepping ~*~*~tactically~*~*~ (stealth).
  2177 | D:3      | 2177 ||| Stepping ~*~*~tactically~*~*~ (stealth).
  2255 | D:3      | Found a stormy altar of Qazlal.
  2495 | D:3      | Reached skill level 5 in Axes
  2509 | D:3      | Found a snail-covered altar of Cheibriados.
  2510 | D:3      | 2510 ||| READING scroll labelled ZITISU HOWAY.
  2511 | D:3      | 2511 ||| READING scroll labelled ODUPNA NYOR.
  2512 | D:3      | 2512 ||| DRINKING 2 fizzy green potions.
  2541 | D:3      | Noticed Terence
  2564 | D:3      | Killed Terence
  2790 | D:3      | 2790 ||| READING scroll labelled AHIKHL YLUKHAO.
  2824 | D:4      | 2824 ||| Stepping ~*~*~tactically~*~*~ (hiding).
  2825 | D:4      | 2825 ||| Stepping ~*~*~tactically~*~*~ (hiding).
  2827 | D:4      | 2827 ||| Stepping ~*~*~tactically~*~*~ (hiding).
  2834 | D:4      | Reached XP level 6. HP: 26/38 MP: 6/6
  2835 | D:4      | 2835 ||| Stepping ~*~*~tactically~*~*~ (hiding).
  2838 | D:4      | 2838 ||| Stepping ~*~*~tactically~*~*~ (hiding).
  2850 | D:4      | HP: 9/38 [adder (1)]
  2851 | D:4      | 2851 ||| DRINKING potion of heal wounds.
  2860 | D:4      | HP: 3/38 [gnoll/+0 spear[a gnoll bouda] (7)]
  2861 | D:4      | Slain by an adder

Levels and vault maps discovered:
D:1:      roderic_chinese_lattice_arrival, layout_loops_ring,
          shapermc_ecumenical_altar_gd
D:2:      layout_basic, basic_altar, uniq_natasha
D:3:      layout_basic, nicolae_yredelemnul_corpse_copse, slow_altar_1,
          mainiacjoe_overflow_catwalk, uniq_terence
D:4:      layout_layer_cave, good_gods_temple_1, chequers_big_river,
          chequers_serial_rivers_room_a

Skill      XL: |  1  2  3  4  5 |
---------------+----------------+-----
Axes           | 2 3 4 5 |  5.4
Fighting       | 4 |  4.2
Armour         | |  3.2
Shields        | |  3.2

Action                     |  1- 3 |  4- 6 || total
---------------------------+-------+-------++-------
  Melee: War axe           |    88 |    98 ||   186
    Use: Scroll            |     2 |     6 ||     8
         Potion            |       |     2 ||     2
 Armour: Scale mail        |    39 |     1 ||    40
         Chain mail        |       |    63 ||    63
  Dodge: Dodged            |    28 |    31 ||    59
  Block: Buckler           |     5 |    23 ||    28

Table legend:
 A = Non-vault XP
 B = Vault XP
 C = Vault XP percentage of total XP
 D = Non-vault monster count
 E = Vault monster count
 F = Vault count percentage of total count
                 A         B        C        D         E       F
            +---------+---------+-------+---------+---------+-------
      Total |     307 |     105 |  25.5 |      60 |       6 |   9.1
            +---------+---------+-------+---------+---------+-------
        D:1 |      34 |       0 |   0.0 |      21 |       0 |   0.0
        D:2 |      82 |      35 |  29.9 |      20 |       1 |   4.8
        D:3 |      71 |      70 |  49.6 |      13 |       5 |  27.8
        D:4 |     120 |       0 |   0.0 |       6 |       0 |   0.0
            +---------+---------+-------+---------+---------+-------
